 Dungeon Crawl Stone Soup version 0.28.0-53-g5a82cb258f (webtiles) character file.

Game seed: 4653891068375191573

70 MiltankisOP the Chopper (level 4, -2/39 HPs)
             Began as a Hill Orc Fighter on June 18, 2022.
             Slain by a goblin
             ... wielding a +0 mace
             ... led by Robin
              (5 damage)
             ... on level 2 of the Dungeon.
             The game lasted 00:01:51 (1396 turns).

MiltankisOP the Chopper (Hill Orc Fighter)          Turns: 1396, Time: 00:01:52

Health: -2/39      AC:  6    Str: 20    XL:     4   Next: 22%
Magic:  4/4        EV:  9    Int:  8    God:
Gold:   66         SH:  4    Dex: 10    Spells: 3/3 levels left

rFire   . . .      SeeInvis .   a - +0 war axe
rCold   . . .      Faith    .   c - +0 buckler
rNeg    . . .      Spirit   .   b - +0 scale mail
rPois   .          Reflect  .   (no helmet)
rElec   .          Harm     .   (no cloak)
rCorr   .          Rampage  .   (no gloves)
Will    .....                   (no boots)
Stlth   ..........              (no amulet)
HPRegen 0.13/turn               (no ring)
MPRegen 0.09/turn               (no ring)

@: no status effects
A: no striking features
a: no special abilities


You were on level 2 of the Dungeon.
You visited 1 branch of the dungeon, and saw 2 of its levels.

You collected 66 gold pieces.

Inventory:

Hand Weapons
 a - a +0 war axe (weapon)
Armour
 b - a +0 scale mail (worn)
 c - a +0 buckler (worn)
Scrolls
 e - a scroll of immolation {unknown}
 h - a scroll of teleportation {unknown}
 i - a scroll of enchant armour {unknown}
 j - a scroll of fear {unknown}
 k - a scroll of identify {unknown}
 l - a scroll of summoning {unknown}
 n - a scroll of enchant weapon {unknown}
Potions
 d - a potion of might
 f - a potion of magic {unknown}
 g - a potion of lignification {unknown}
 m - 2 potions of haste {unknown}


   Skills:
 - Level 3.6 Fighting
 + Level 5.8 Axes
 - Level 3.2 Armour
 - Level 3.2 Shields


You had 3 spell levels left.
You didn't know any spells.
Your spell library was empty.

Dungeon Overview and Level Annotations

Branches:
Dungeon (2/15)

Altars:

Annotations:
D:2 Sigmund


Message History

The goblin shouts!
You hit Robin.
Robin is heavily wounded.
You closely miss the goblin. You miss the goblin. You hit the goblin.
You kill the goblin!
You barely miss the goblin. The goblin hits you but does no damage.
Robin throws the goblin at you! The goblin misses you.
A goblin comes into view. It is wielding a +0 dagger.
The goblin hits you with a +0 mace! The goblin hits you with a +0 club.
You hit Robin but do no damage.
Robin is heavily wounded.
You hit the goblin.
You kill the goblin!
You closely miss the goblin. You slash the goblin!
You kill the goblin!
You slash the hobgoblin!
You kill the hobgoblin!
You hit the hobgoblin. Robin closely misses you.
The goblin shoots a stone.
The stone hits you but does no damage. You block the goblin's attack.
The hobgoblin barely misses you. Robin hits you with a +0 club.
You hit Robin.
Robin is almost dead.
You closely miss the hobgoblin. You barely miss the goblin.
You block the hobgoblin's attack.
Robin roars a battlecry!
The goblin goes into a battle-frenzy!
The goblin unwields a +0 hunting sling.
The goblin wields a +0 dagger.
The goblin hits you with a +0 dagger.
* * * LOW HITPOINT WARNING * * *
You slash Robin!
You kill Robin!
You slash the hobgoblin!
You kill the hobgoblin!
You closely miss the goblin. You barely miss the goblin.
The goblin hits you but does no damage. The goblin hits you with a +0 dagger.
* * * LOW HITPOINT WARNING * * *
The goblin hits you with a +0 dagger.
* * * LOW HITPOINT WARNING * * *
The goblin hits you with a +0 mace.
You die...

.......#.#.....................
.....#.#.#.....................
.....#.#g##........##........#.
.... #.............##........#.
.## #.............##........##
#......###.............. #
'#.#....###.............. #
.........))).............##
.........g@g......####.....
.........gg)......# #.....
.............#...... ......
.............#...... ......
......########..... ......
...... .#.. ...... #... ..
...... #.. ...... #. #....


You could see 4 goblins.

Vanquished Creatures
  Robin (D:2)
  A gnoll (D:1)
  An adder (D:1)
  2 worms (D:2)
  2 dart slugs (D:2)
  4 bats
  4 endoplasms
  A giant cockroach (D:1)
  5 goblins (D:2)
  7 hobgoblins
  3 jackals
  2 kobolds (D:1)
  4 ball pythons (D:1)
  2 frilled lizards (D:1)
  2 rats
41 creatures vanquished.

Notes
Turn   | Place    | Note
-------+----------+-------------------------------------------
     0 | D:1      | MiltankisOP the Hill Orc Fighter began the quest for the
                  | Orb.
     0 | D:1      | Reached XP level 1. HP: 19/19 MP: 1/1
    72 | D:1      | Reached skill level 3 in Axes
    77 | D:1      | Reached skill level 4 in Axes
    77 | D:1      | Reached XP level 2. HP: 6/26 MP: 2/2
   499 | D:1      | Reached XP level 3. HP: 31/31 MP: 3/3
   653 | D:2      | Noticed Sigmund
   727 | D:1      | Found a faded altar of an unknown god.
   888 | D:1      | Reached skill level 5 in Axes
  1345 | D:2      | Reached XP level 4. HP: 33/39 MP: 4/4
  1382 | D:2      | Noticed Robin
  1396 | D:2      | Killed Robin
  1396 | D:2      | Slain by a goblin

Illustrated notes

Levels and vault maps discovered:
D:1:      minmay_arrival_shoal_huts, layout_rooms,
          hellmonk_ecumenical_altar_heavens_door, chequers_serial_rivers_marsh,
          minmay_tree_intersection
D:2:      layout_basic, uniq_robin, uniq_sigmund

Skill      XL: |  1  2  3 |
---------------+----------+-----
Axes           | 4 5 |  5.8
Fighting       | |  3.6
Armour         | |  3.2
Shields        | |  3.2

Action                   |  1- 3 |  4- 6 || total
-------------------------+-------+-------++-------
Melee: War axe           |    93 |    15 ||   108
Armor: Scale mail        |    38 |    10 ||    48
Dodge: Dodged            |    51 |     9 ||    60
Block: Buckler           |    26 |     5 ||    31
